AoeStats
← Vinnyloot

Arena

510393453Analyzed
2v2 RM · 1d ago on Sep 30, 2026· 56m 45s· 4 players
Game mode
Random Map
Map size
Medium (4 player)
Population
200
Speed
Normal
Resources
Standard
Victory
Conquest
Starting age
Dark Age
Ending age
Imperial Age
RankedLock teamsTeams togetherTeam positionsShared explorationLock speedFull tech treeHidden civsTurbo modeCheats
Victory
Defeat
🇨🇴 Romans · Colombia
818
+15
🇨🇴 Italians · Colombia
818
+15
🇨🇦 Wei · Canada
820
-15
🇨🇦 Byzantines · Canada
786
-15
Kwasnica
11:06 Feudal Age
12:15 Double-Bit Axe
16:54 Castle Age
17:39 Double-Bit Axe
18:35 Stone Mining
18:58 Horse Collar
23:44 Wheelbarrow
25:01 Hand Cart
25:25 Bow Saw
25:17 Heavy Plow
26:02 Gold Mining
27:04 Loom
29:06 Scale Barding Armor
29:12 Forging
31:20 Stone Shaft Mining
31:21 Gold Shaft Mining
32:42 Chain Barding Armor
37:56 Imperial Age
39:12 Conscription
39:09 Logistica
40:09 Elite Cataphract
42:04 Husbandry
45:48 Plate Barding Armor
45:49 Iron Casting
45:54 Scale Mail Armor
45:54 Pikeman
46:35 Squires
46:20 Gambesons
48:17 Hoardings
48:36 Onager
53:03 Fletching
53:29 Chain Mail Armor
52:51 Elite Varangian Guard
56:35 Plate Mail Armor
56:01 Bodkin Arrow
56:06 Padded Archer Armor
56:47 Arrowslits
57:13 Fortified Wall
56:53 Guard Tower
57:24 Ballistics
56:45 Treadmill Crane
Vinnyloot
7:53 Loom
10:02 Feudal Age
11:35 Horse Collar
18:51 Castle Age
18:14 Bloodlines
18:26 Gold Mining
18:26 Stone Mining
18:26 Double-Bit Axe
20:18 Heavy Plow
21:11 Husbandry
21:24 Husbandry
28:51 Gold Shaft Mining
28:54 Stone Shaft Mining
28:07 Town Watch
28:58 Wheelbarrow
30:23 Padded Archer Armor
30:34 Forging
30:24 Scale Mail Armor
30:30 Scale Barding Armor
32:25 Leather Archer Armor
32:01 Fletching
32:37 Ballistics
31:56 Man-at-Arms
33:18 Hand Cart
34:35 Murder Holes
36:07 Tuntian
37:04 Thumb Ring
37:22 Chain Barding Armor
42:06 Imperial Age
41:13 Fortified Wall
41:13 Masonry
40:45 Treadmill Crane
42:12 Bow Saw
42:44 Iron Casting
41:32 Long Swordsman
43:14 Conscription
42:24 Two-Handed Swordsman
45:39 Parthian Tactics
46:56 Ring Archer Armor
46:14 Pikeman
46:50 Halberdier
47:47 Squires
49:18 Squires
50:20 Heavy Hei Guang Cavalry
53:29 Elite Skirmisher
stvn9210
5:24 Loom
11:40 Feudal Age
13:07 Wheelbarrow
13:19 Double-Bit Axe
14:12 Horse Collar
14:30 Man-at-Arms
18:46 Gold Mining
18:48 Stone Mining
19:04 Town Watch
23:43 Castle Age
21:46 Fletching
22:35 Padded Archer Armor
22:37 Scale Mail Armor
23:40 Forging
23:39 Scale Barding Armor
24:04 Pikeman
26:04 Bow Saw
25:23 Long Swordsman
25:26 Crossbowman
26:28 Heavy Plow
27:50 Hand Cart
27:59 Squires
33:55 Ballistas
35:11 Gold Shaft Mining
36:33 Leather Archer Armor
36:15 Bodkin Arrow
41:34 Imperial Age
40:41 Chain Mail Armor
41:02 Iron Casting
41:41 Town Patrol
42:25 Bloodlines
41:36 Light Cavalry
42:17 Husbandry
42:44 Conscription
42:12 Heavy Scorpion
44:51 Blast Furnace
44:13 Chain Barding Armor
44:40 Comitatenses
46:33 Chemistry
45:40 Siege Engineers
45:31 Murder Holes
45:57 Ballistics
45:48 Fortified Wall
45:49 Masonry
48:33 Crop Rotation
47:41 Halberdier
55:58 Plate Barding Armor
56:09 Architecture
kevin.adhira19
0:36 Loom
10:47 Feudal Age
11:41 Double-Bit Axe
13:56 Wheelbarrow
14:02 Horse Collar
23:05 Castle Age
21:13 Fletching
22:48 Padded Archer Armor
23:16 Crossbowman
24:09 Bow Saw
24:00 Heavy Plow
24:08 Bodkin Arrow
25:02 Gold Mining
26:05 Leather Archer Armor
32:08 Imperial Age
31:46 Stone Mining
33:05 Ballistics
33:49 Chemistry
33:14 Ballistics
33:45 Bracer
34:16 Ring Archer Armor
35:45 Treadmill Crane
36:17 Masonry
36:19 Fortified Wall
41:59 Stone Shaft Mining
48:48 Pirotechnia
Connection lost

Rejoining the realm…

Still unreachable

The connection could not be restored.

Session expired

The server has moved on; the page needs a fresh start.